 Dungeon Crawl Stone Soup version 0.30-a0-718-geaa24f58ff (webtiles) character file.

Game seed: 14828460819893924455

149 Crownlay the Digger (level 5, -1/31 HPs)
             Began as an Octopode Earth Elementalist on Jan 25, 2023.
             Killed by nerve-wracking pain
             ... invoked by an orc priest
              (10 damage)
             ... on level 3 of the Dungeon.
             The game lasted 00:03:07 (2285 turns).

Crownlay the Digger (Octopode Earth Elementalist)   Turns: 2285, Time: 00:03:07

Health: -1/31      AC:  1    Str:  8    XL:     5   Next: 31%
Magic:  5/8        EV: 13    Int: 19    God:
Gold:   152        SH:  0    Dex: 12    Spells: 4/8 levels left

rFire   . . .      SeeInvis .    b - +0 dagger
rCold   . . .      Faith    .    (no shield)
rNeg    . . .      Spirit   .    (helmet restricted)
rPois   .          Reflect  .    (no amulet)
rElec   .          Harm     .    i - ring of flight
rCorr   .          Rampage  .    (no ring)
Will    .....                    (no ring)
Stlth   ++++                     (no ring)
HPRegen 0.25/turn                (no ring)
MPRegen 0.11/turn                (no ring)
                                 (no ring)
                                 (no ring)

@: lethally poisoned (-1 -> -5), flying
A: almost no armour, amphibious, 8 rings, camouflage 1, gelatinous body 1,
(nimble swimmer 1), tentacles
a: no special abilities


You were on level 3 of the Dungeon.
You visited 1 branch of the dungeon, and saw 3 of its levels.

You collected 152 gold pieces.

Inventory:

Hand Weapons
 b - a +0 dagger (weapon)
Jewellery
 i - a ring of flight (left tentacle)
Wands
 g - a wand of flame (12)
Scrolls
 e - a scroll of identify
 f - a scroll of acquirement {unknown}
 m - a scroll of teleportation {unknown}
 n - a scroll of vulnerability {unknown}
Potions
 a - a potion of magic
 c - 2 potions of curing {unknown}
 d - 3 potions of might
 h - 2 potions of lignification {unknown}
 j - 2 potions of brilliance
 k - a potion of heal wounds {unknown}
 l - a potion of haste {unknown}


   Skills:
 - Level 2.0 Dodging
 + Level 4.6 Stealth
 + Level 2.1 Spellcasting
 + Level 0.6 Hexes
 - Level 1.0 Transmutations
 * Level 4.9 Earth Magic


You had 4 spell levels left.
You knew the following spells:

 Your Spells              Type           Power      Damage    Failure   Level
a - Sandblast             Erth           40%        2d10      2%          1
b - Stone Arrow           Conj/Erth      22%        3d8       19%         3

Your spell library contained the following spells:

 Spells                   Type           Power      Damage    Failure   Level
 Passwall                 Tmut/Erth      10%        N/A       8%          2
 Summon Small Mammal      Summ           8%         N/A       17%         1
 Tukima's Dance           Hex            4%         N/A       36%         3
 Summon Guardian Golem    Hex/Summ       3%         N/A       41%         3
 Petrify                  Tmut/Erth      13%        N/A       43%         4
 Call Canine Familiar     Summ           2%         N/A       45%         3
 Passage of Golubria      Tloc           2%         N/A       86%         4
 Yara's Violent Unravell  Hex/Tmut       2%         3d3       97%         5


Dungeon Overview and Level Annotations

Branches:
Dungeon (3/15)

Altars:
Dithmenos


Innate Abilities, Weirdness & Mutations

You cannot wear most types of armour.
You are amphibious.
You can wear up to eight rings at the same time.
Your skin changes colour to match your surroundings (Stealth+).
Your rubbery body absorbs attacks. (AC +1, EV +1)
((You are camouflaged when in or above water. (Stealth+)))
You have tentacles for arms and can constrict up to eight enemies at once.


Message History

You kill the bat!
You can't see any susceptible monsters within range! (Use Z to cast anyway.)
A goblin comes into view. It is wielding a +0 club.
A goblin is nearby!
A goblin is nearby!
The blast of sand hits the goblin!
You kill the goblin!
You can't see any susceptible monsters within range! (Use Z to cast anyway.)
Found 5 stones.
Things that are here:
a +0 club; a +0 sling; a goblin corpse An adder is nearby!
An adder is nearby!
An adder is nearby!
An orc priest comes into view. It is wielding a +0 mace.
The blast of sand hits the adder.
The adder is lightly wounded.
The adder bites you.
You are poisoned.
The adder poisons you! The adder bites you.
You are more poisoned.
The adder poisons you!
The blast of sand hits the adder!!
You kill the adder!
You feel very sick.
The orc priest shouts!
An orc comes into view. It is wielding a +0 dagger.
You can't see any susceptible monsters within range! (Use Z to cast anyway.)
You feel sick.
The blast of sand hits the orc priest.
The orc priest is moderately wounded.
The orc shouts!
You feel very sick.
The orc priest mumbles some strange prayers to Beogh against you.
Beogh smites you!
* * * LOW HITPOINT WARNING * * *
An orc comes into view. It is wielding a +0 mace.
The orc priest invokes the aid of Beogh against you.
Pain shoots through your body!
You die...

#..# ####.#
######..# #.#
#.......# #.# #
#.#####)# #.# ..##.
#.# #.# ..... #.#
#.# ..##..####.####
#.# ....oo........#
#.# ##..#@......#
#.# #†###(..# #.#
#.# #.########.##
... ...........#
.#.# #######.#..#
#.#.# #########.#..#
#.#.# #.........#..#
#.#.###.#########..#
#.....#.# #..#


You could see an orc priest and an orc.

Vanquished Creatures
  An orc priest (D:3)
  Robin (D:2)
  4 adders
  A dart slug (D:1)
  2 orcs (D:3)
  4 ball pythons
  An endoplasm (D:1)
  A giant cockroach (D:1)
  17 goblins
  7 hobgoblins
  7 jackals (D:1)
  2 kobolds (D:2)
  4 quokkas
  2 bats
  5 frilled lizards
  7 rats
66 creatures vanquished.

Notes
Turn   | Place    | Note
-------+----------+-------------------------------------------
     0 | D:1      | Crownlay the Octopode Earth Elementalist began the quest
                  | for the Orb.
     0 | D:1      | Reached XP level 1. HP: 11/11 MP: 3/3
   172 | D:1      | Reached XP level 2. HP: 17/17 MP: 1/5
   512 | D:1      | Found a faded altar of an unknown god.
   692 | D:1      | Reached XP level 3. HP: 16/21 MP: 3/6
  1165 | D:2      | Noticed Robin
  1239 | D:2      | Killed Robin
  1240 | D:2      | Reached XP level 4. HP: 27/27 MP: 1/7
  1741 | D:2      | Found a shadowy altar of Dithmenos.
  2024 | D:3      | Learned a level 3 spell: Stone Arrow
  2083 | D:3      | Reached XP level 5. HP: 28/31 MP: 2/8
  2285 | D:3      | Killed from afar by an orc priest

Illustrated notes

Levels and vault maps discovered:
D:1:      shiori_shiawase, layout_loops_cross,
          hellmonk_ecumenical_altar_run_dry, kennysheep_small_spiral,
          minmay_tetromino_l2
D:2:      layout_loops_cross, basic_altar, kennysheep_generic_room_6, uniq_robin
D:3:      layout_loops_ring, serial_shops, shop

Skill      XL: |  1  2  3 |
---------------+----------+-----
Stealth        | 3 4 |  4.6
Earth Magic    | 4 |  4.9
Dodging        | |  2.0
Spellcasting   | |  2.1
Hexes          | |  0.6
Transmutations | |  1.0

Action                     |  1- 3 |  4- 6 || total
---------------------------+-------+-------++-------
  Melee: Dagger            |    15 |     2 ||    17
         Constrict         |     5 |       ||     5
         Tentacles         |     4 |       ||     4
   Cast: Sandblast         |    48 |    38 ||    86
    Use: Scroll            |       |     2 ||     2
 Armour: Skin              |     6 |     1 ||     7
  Dodge: Dodged            |    39 |    10 ||    49

Table legend: (Time is in decaauts)
 A = Elapsed time spent in this place.
 B = Non-inter-level travel time spent in this place.
 C = Inter-level travel time spent in this place.
 D = Time resting spent in this place.
 E = Time spent auto-exploring this place.
 F = Levels seen in this place.
 G = Mean time per level.
                   A        B        C        D        E       F      G
               +--------+--------+--------+--------+--------+-----+--------+
         Total |   2326 |   2272 |     54 |      0 |   1914 |   3 |  775.3 |
       Dungeon |   2326 |   2272 |     54 |      0 |   1914 |   3 |  775.3 |
               +--------+--------+--------+--------+--------+-----+--------+

Top non-repeatable levels by time:
     D:1: 1064 daAuts
     D:2: 986 daAuts
     D:3: 275 daAuts
